 Dungeon Crawl Stone Soup version 0.28.0 (webtiles) character file.

Game seed: 17959663263597450376

15538 Arex the Fighter (level 12, -6/103 (108) HPs)
             Began as a Yellow Draconian Monk on Feb 9, 2022.
             Was a High Priest of Ru.
             Mangled by a tyrant leech (20 damage)
             ... on level 2 of the Lair of Beasts.
             The game lasted 00:42:41 (23362 turns).

Arex the Fighter (Yellow Draconian Monk)           Turns: 23362, Time: 00:42:41

HP:   -6/103 (108)  AC:  9    Str: 14    XL:     12   Next: 2%
MP:   0/12          EV: 16    Int: 11    God:    Ru [*****.]
Gold: 648           SH:  0    Dex: 14    Spells: 11/11 levels left

rFire   + . .      SeeInvis .     - Unarmed
rCold   + + .      Faith    .   (shield unavailable)
rNeg    . . .      Spirit   +   (armour unavailable)
rPois   .          Reflect  .   (helmet restricted)
rElec   .          Harm     .   H - scarf {rC+ rF+}
rCorr   +          Rampage  .   (no gloves)
Will    +....                   v - +0 pair of boots
Stlth   +++.......              P - amulet of guardian spirit
HPRegen 0.27/turn               (ring unavailable)
MPRegen 0.13/turn               i - ring of willpower

@: exhausted, unable to drink, lightly drained
A: spit acid, AC +8, unfitting armour, cold-blooded, inability to drink while
threatened, missing a hand, no necromancy magic, no poison magic, no
transmutations magic, acid resistance, hooves 1, cold resistance 1, weak 2
a: Breathe Acid, Renounce Religion, Sacrifice Resistance, Sacrifice Skill,
Sacrifice an Eye, Reject Sacrifices, Draw Out Power, Power Leap, Apocalypse


You were on level 2 of the Lair of Beasts.
You worshipped Ru.
Ru was extremely pleased with you.
You visited 3 branches of the dungeon, and saw 15 of its levels.

You collected 648 gold pieces.

Inventory:

Hand Weapons
 A - a +3 hand axe of flaming
Missiles
 k - 2 boomerangs (quivered)
 l - an atropa-tipped dart
 n - 2 throwing nets
Armour
 g - a +0 cloak
 v - a +0 pair of boots (worn)
 B - a +0 tower shield
 H - a scarf of resistance (worn)
Jewellery
 i - a ring of willpower (right hand)
 M - an amulet of regeneration
 N - a ring of protection from cold
 P - an amulet of guardian spirit (around neck)
Wands
 O - a wand of polymorph (3)
 Q - a wand of mindburst (10)
Scrolls
 a - a scroll of silence
 d - a scroll of fear
 f - 4 scrolls of teleportation
 s - 6 scrolls of fog
 u - a scroll of enchant armour {unknown}
 y - 2 scrolls of immolation
 C - 2 scrolls of vulnerability
 D - 2 scrolls of blinking
Potions
 b - 4 potions of curing
 c - 5 potions of heal wounds
 j - 4 potions of attraction
 m - a potion of berserk rage {unknown}
 o - 3 potions of lignification
 q - a potion of flight {unknown}
 r - a potion of might
 w - a potion of cancellation {unknown}
 z - a potion of haste
 E - 2 potions of mutation
 G - 3 potions of brilliance
 I - a potion of magic
 K - 10 potions of ambrosia


   Skills:
 + Level 10.7 Fighting
 + Level 8.2 Throwing
 + Level 9.1 Dodging
 + Level 5.7 Stealth
 + Level 9.9 Unarmed Combat


You had 11 spell levels left.
You didn't know any spells.
Your spell library contained the following spells:

 Spells                   Type           Power      Damage    Failure   Level
 Shock                    Conj/Air       0%         1d3       34%         1
 Static Discharge         Conj/Air       0%         N/A       47%         2
 Stone Arrow              Conj/Erth      0%         3d7       71%         3
 Swiftness                Air            0%         N/A       71%         3
 Airstrike                Air            0%         N/A       98%         4
 Sticky Flame             Conj/Fire      0%         2d3       98%         4
 Fireball                 Conj/Fire      0%         3d3       100%        5
 Starburst                Conj/Fire      0%         6d3       100%        6
 Ignition                 Fire           0%         3d3       100%        8
 Lehudib's Crystal Spear  Conj/Erth      0%         10d2      100%        8
 Animate Armour           Summ/Erth      Unusable   N/A       N/A         4
 Dispel Undead            Necr           Unusable   3d6       N/A         4

Dungeon Overview and Level Annotations

Branches:
Dungeon (11/15)            Temple (1/1) D:6            Lair (3/6) D:9
  Swamp (0/4) Lair:3          Orc (0/2) D:11
  Snake: Lair:2-4    Spider: Lair:2-4

Altars:
Ashenzari
Cheibriados
Dithmenos
Elyvilon
Fedhas
Gozag
Hepliaklqana
Kikubaaqudgha
Makhleb
Nemelex Xobeh
Okawaru
Qazlal
Ru
Sif Muna
Trog
Uskayaw
Vehumet
Wu Jian
Xom
Yredelemnul
Zin
The Shining One

Annotations:
D:6 1 runed translucent door, Forgeling's ghost, novice GnBr
D:10 Snorg
Lair:1 exclusion: hydra


Innate Abilities, Weirdness & Mutations

You can spit globs of acid.
Your golden yellow scales are hard. (AC +8)
You cannot fit into any form of body armour.
You are cold-blooded and may be slowed by cold attacks.
You sometimes lose the ability to drink potions when taking damage.
You are missing a hand.
You cannot study or cast Necromancy magic.
You cannot study or cast Poison magic.
You cannot study or cast Transmutations magic.
You are resistant to acid. (rCorr)
You have large cloven feet.
Your flesh is cold resistant. (rC+)
You are very weak. (Str -4)


Message History

The tyrant leech draws strength from your injuries!
You barely miss the tyrant leech.
The tyrant leech is heavily wounded.
The tyrant leech misses you.
You barely miss the tyrant leech.
Your tail-slap misses the tyrant leech.
The tyrant leech is heavily wounded.
You punch the tyrant leech!
The tyrant leech is heavily wounded.
The tyrant leech closely misses you.
There is an open door here.
The five-headed hydra bites the bush but does no damage.
The five-headed hydra bites the bush.
The five-headed hydra bites the bush but does no damage. x3
The tyrant leech is no longer covered in acid.
Okay, then.
You are restored by drawing out deep reserves of power within.
You feel drained.
You have got your breath back.
The tyrant leech closely misses you.
The five-headed hydra bites the bush but does no damage.
The five-headed hydra bites the bush!
The five-headed hydra bites the bush but does no damage.
The five-headed hydra bites the bush.
The five-headed hydra bites the bush!!
The five-headed hydra roars!
You hit the tyrant leech.
The tyrant leech is heavily wounded.
The tyrant leech bites you!!
* * * LOW HITPOINT WARNING * * *
The tyrant leech draws strength from your injuries!
You miss the tyrant leech.
The tyrant leech is moderately wounded.
You miss the tyrant leech.
The tyrant leech is moderately wounded.
The tyrant leech bites you!
* * * LOW HITPOINT WARNING * * *
The tyrant leech draws strength from your injuries!
You punch the tyrant leech! You tail-slap the tyrant leech.
The tyrant leech is heavily wounded.
The tyrant leech bites you!!
You die...

####### ##..##P####
##...>.....# ####.'.......##
### #.#.wP.......# #.###
##..@##.......#
####.#P######....P........#
.(.......PPPP.PPPPP.P.....#
#.####.#P.....P.....P<....##
##.# ###PPP.P.P.PPP.P.#.##.#
### #P...P.D.P...P..#####


##P.P.P.P.PPPPP.P# #######PP.P...P.....P..# .....#..P..PPPP.PPPPP..# You could
see a five-headed hydra and a tyrant leech.

Vanquished Creatures
  A hydra (Lair:1)
  2 boulder beetles
  A two-headed ogre (D:9)
  3 cane toads (Lair:1)
  3 kobold demonologists (D:10)
  3 komodo dragons
  A queen bee (Lair:2)
  3 trolls
  A hornet (D:8)
  A polar bear (Lair:1)
  Grinder (D:5)
  Sigmund (D:6)
  3 wyverns
  7 yaks
  A basilisk (Lair:3)
  A steam dragon (Lair:1)
  A swamp worm (Lair:3)
  A warg (D:11)
  5 water moccasins
  2 orc warriors
  3 ogres
  3 black bears
  2 necrophages
  A hornet zombie (D:7)
  7 centaurs
  5 wolves
  7 bullfrogs
  5 kobold brigands
  A gnoll sergeant (D:9)
  A wyvern zombie (D:8)
  2 scorpions
  A water moccasin skeleton (D:5)
  36 killer bees
  8 wights
  4 electric eels
  A howler monkey (D:6)
  2 jellies
  5 orc priests
  6 centaur zombies
  6 hounds
  A bullfrog zombie (D:5)
  3 iguanas
  Natasha (thrice) (D:3)
  7 orc wizards
  Robin (D:2)
  7 gnolls
  3 adders
  2 shadow imps
  2 white imps
  An ufetubus (D:5)
  3 dart slugs
  25 orcs
  5 ball pythons
  6 endoplasms
  A giant cockroach (D:3)
  16 goblins
  6 hobgoblins
  3 jackals (D:4)
  22 kobolds
  3 quokkas
  7 bats
  5 frilled lizards
  7 rats
  4 bushes (Lair:2)
291 creatures vanquished.

Vanquished Creatures (others)
  2 cane toads (Lair:1)
  A komodo dragon (Lair:1)
  A killer bee (Lair:2)
  A wight (D:8)
  A bush (Lair:2)
  10 fungi
  10 plants
26 creatures vanquished.

Grand Total: 317 creatures vanquished

Notes
Turn   | Place    | Note
-------+----------+-------------------------------------------
     0 | D:1      | Arex the Draconian Monk began the quest for the Orb.
     0 | D:1      | Reached XP level 1. HP: 19/19 MP: 1/1
   562 | D:1      | Reached XP level 2. HP: 17/26 MP: 2/2
  1305 | D:2      | Noticed Robin
  1656 | D:2      | Killed Robin
  1657 | D:2      | Reached XP level 3. HP: 22/33 MP: 3/3
  1801 | D:2      | HP: 1/33 [poisoned by an adder]
  2817 | D:2      | Reached XP level 4. HP: 40/40 MP: 4/4
  3075 | D:2      | Reached skill level 4 in Fighting
  3873 | D:3      | Noticed Natasha
  3891 | D:3      | Killed Natasha
  4225 | D:3      | Reached XP level 5. HP: 39/46 MP: 5/5
  4349 | D:3      | Noticed Natasha
  4362 | D:3      | Killed Natasha
  4376 | D:3      | Noticed Natasha
  4381 | D:3      | Killed Natasha
  5152 | D:4      | Noticed a necrophage
  5158 | D:4      | Killed a necrophage
  5159 | D:4      | Reached skill level 1 in Throwing
  5159 | D:4      | Reached XP level 6. HP: 53/53 MP: 6/6
  5957 | D:5      | Entered Level 5 of the Dungeon
  6576 | D:5      | Your scales start taking on a golden yellow colour.
  6576 | D:5      | Reached XP level 7. HP: 60/60 MP: 7/7
  6576 | D:5      | Gained mutation: You are resistant to acid. (rCorr) [Yellow
                  | Draconian growth]
  6675 | D:5      | Reached skill level 5 in Fighting
  6675 | D:5      | Reached skill level 1 in Shields
  7465 | D:5      | Noticed Grinder
  7475 | D:5      | Paralysed by Grinder for 2 turns
  7487 | D:5      | Paralysed by Grinder for 7 turns
  7494 | D:5      | Killed Grinder
  7759 | D:5      | Reached skill level 5 in Unarmed Combat
  7930 | D:6      | Noticed Sigmund
  7941 | D:6      | Killed Sigmund
  7942 | D:6      | Reached XP level 8. HP: 58/69 MP: 8/8
  8557 | D:6      | Found an ancient bone altar of Kikubaaqudgha.
  8589 | D:6      | Reached skill level 5 in Dodging
  8603 | D:6      | Found a staircase to the Ecumenical Temple.
  8612 | Temple   | Entered the Ecumenical Temple
  8847 | Temple   | Became a worshipper of Ru the Awakened
  8863 | Temple   | Gained mutation: You are missing a hand. [Ru sacrifice]
  8863 | Temple   | Reached * piety under Ru
  8863 | Temple   | Reached ** piety under Ru
  8863 | Temple   | Reached *** piety under Ru
  8933 | D:6      | Reached skill level 6 in Fighting
  9652 | D:6      | Found a runed translucent door.
  9667 | D:6      | Noticed Forgeling's ghost (novice GnBr)
  9938 | D:7      | Found a shimmering altar of Xom.
  9953 | D:7      | Reached XP level 9. HP: 77/78 MP: 9/9
 11291 | D:8      | Found a sand-covered staircase.
 11301 | D:7      | Reached skill level 7 in Fighting
 12408 | D:8      | Found a shimmering blue altar of Sif Muna.
 12411 | D:8      | Found an iron altar of Okawaru.
 12418 | D:8      | Found an opulent altar of Gozag.
 12418 | D:8      | Found a hazy altar of Hepliaklqana.
 12438 | D:8      | Gained mutation: You cannot study or cast Poison magic. [Ru
                  | sacrifice]
 12438 | D:8      | Gained mutation: You cannot study or cast Transmutations
                  | magic. [Ru sacrifice]
 12438 | D:8      | Gained mutation: You cannot study or cast Necromancy magic.
                  | [Ru sacrifice]
 12438 | D:8      | Reached **** piety under Ru
 12661 | D:8      | Reached skill level 5 in Throwing
 12734 | D:8      | Noticed a two-headed ogre
 13316 | D:8      | Noticed a troll
 13327 | D:8      | Killed a troll
 13941 | D:9      | Noticed a troll
 13968 | D:8      | Reached skill level 8 in Fighting
 14295 | D:8      | Reached XP level 10. HP: 85/88 MP: 10/10
 14775 | D:9      | Noticed a two-headed ogre
 16184 | D:10     | Entered Level 10 of the Dungeon
 16184 | D:10     | Noticed Snorg
 16292 | D:9      | Found a stormy altar of Qazlal.
 16403 | D:9      | Found a staircase to the Lair.
 16436 | D:9      | Killed a two-headed ogre
 16437 | D:9      | Reached skill level 9 in Fighting
 16513 | D:9      | Found a shadowy altar of Dithmenos.
 16598 | Lair:1   | Entered Level 1 of the Lair of Beasts
 16646 | Lair:1   | Noticed a cane toad
 16653 | Lair:1   | Killed a cane toad
 16729 | D:10     | Noticed a boulder beetle
 16758 | D:10     | Gained mutation: Your flesh is cold resistant. (rC+)
                  | [potion of mutation]
 16758 | D:10     | Gained mutation: You are weak. (Str -2) [potion of
                  | mutation]
 16758 | D:10     | Gained mutation: You are very weak. (Str -4) [potion of
                  | mutation]
 16758 | D:10     | Gained mutation: You have large cloven feet. [potion of
                  | mutation]
 16815 | D:10     | Noticed a smoke demon
 16825 | D:10     | Noticed a smoke demon
 17188 | D:10     | Killed a boulder beetle
 17189 | D:10     | Reached XP level 11. HP: 71/97 MP: 11/11
 17530 | D:10     | Found a snail-covered altar of Cheibriados.
 17749 | D:10     | Gained mutation: You sometimes lose the ability to drink
                  | potions when taking damage. [Ru sacrifice]
 17749 | D:10     | Reached ***** piety under Ru
 17756 | D:10     | Noticed a two-headed ogre
 17872 | D:11     | Found a staircase to the Orcish Mines.
 18096 | Lair:1   | Noticed a seven-headed hydra
 18119 | Lair:1   | Killed a one-headed hydra
 18120 | Lair:1   | Reached skill level 10 in Fighting
 18467 | Lair:1   | Noticed an eight-headed hydra
 18565 | Lair:1   | Noticed a boulder beetle
 18622 | Lair:1   | Killed a boulder beetle
 19534 | Lair:1   | Reached skill level 5 in Stealth
 22573 | Lair:3   | Noticed a five-headed hydra
 23104 | Lair:3   | Found a staircase to the Swamp.
 23110 | Lair:3   | Reached XP level 12. HP: 88/108 MP: 8/12
 23362 | Lair:2   | Mangled by a tyrant leech

Illustrated notes

Levels and vault maps discovered:
D:1:      erik_arrival_cave_to_civilisation [erik_arrival_cave_to_hall],
          layout_basic
D:2:      layout_loops_ring, uniq_robin
D:3:      minmay_chambers_of_twos, layout_loops_ring, uniq_natasha
D:4:      layout_basic
D:5:      layout_layer_cave, uniq_grinder
D:6:      layout_basic, nicolae_kikubaaqudgha_miasma_corner,
          minmay_temple_entry_ruins, ebering_ghost_sewer_d, uniq_sigmund
D:7:      layout_layer_cave, mainiacjoe_overflow_catwalk
D:8:      layout_cave_pods, grunt_temple_overflow_open, enter_ossuary_1
D:9:      layout_rooms, kennysheep_mini, nicolae_qazlal_scattered_showers,
          erik_lair_island
D:10:     kennysheep_windowed_halls, layout_cave_pods, cheibrodos_worm_habitat,
          uniq_snorg
D:11:     layout_cave_pools, david_orc_3
Temple:   nicolae_temple_figure_eight
Lair:1:   layout_long_grid, fungi_pond_lemuel, chequers_serial_rivers_micro_b,
          nzn_sisyphean_effort
Lair:2:   layout_roguey, special_room [special_room_bee], minmay_hedge_maze
Lair:3:   regret_index_bee_streams, layout_chaotic_city,
          minmay_swamp_entry_worms, spider_nest_entry_web_field,
          lemuel_fruit_tree, uniq_fannar

Skill      XL: |  1  2  3  4  5  6  7  8  9 10 11 |
---------------+----------------------------------+-----
Stealth        | 2 3 5 |  5.7
Dodging        | 3 4 5 6 8 9 |  9.1
Fighting       | 4 5 6 8 9 10 | 10.7
Unarmed Combat | 4 5 6 7 8 9 |  9.9
Throwing       | 1 2 4 5 7 8 |  8.2
Shields        | 3 0 |  0.0

Action                   |  1- 3 |  4- 6 |  7- 9 | 10-12 || total
-------------------------+-------+-------+-------+-------++-------
Melee: Unarmed           |   145 |   206 |   331 |   755 ||  1437
       Tailslap          |    15 |    21 |    48 |   157 ||   241
       Punch             |     6 |     5 |       |       ||    11
       Hand axe          |       |       |       |    12 ||    12
Throw: Dart              |     2 |       |       |       ||     2
       Boomerang         |     7 |    44 |    41 |    75 ||   167
Invok: Sacrifice a Hand  |       |       |     1 |       ||     1
       Sacrifice Arcana  |       |       |     1 |       ||     1
       Power Leap        |       |       |       |     3 ||     3
       Sacrifice Drink   |       |       |       |     1 ||     1
       Draw Out Power    |       |       |       |     1 ||     1
 Abil: Breathe Acid      |       |       |    23 |    41 ||    64
Evoke: Wand              |       |     4 |     2 |    22 ||    28
  Use: Scroll            |       |     6 |     9 |     5 ||    20
       Potion            |       |       |     1 |     5 ||     6
 Stab: Sleeping          |     2 |     2 |     4 |       ||     8
       Invisible         |     1 |       |     1 |     5 ||     7
       Distracted        |       |     1 |     1 |     4 ||     6
       Paralysed         |       |       |     6 |    16 ||    22
Armor: Skin              |    32 |    41 |   112 |   164 ||   349
Dodge: Dodged            |   121 |   126 |   272 |   609 ||  1128
Block: Tower shield      |       |     8 |    45 |       ||    53
